 Dungeon Crawl Stone Soup version 0.17.1-2-g5865329 (webtiles) character file.

32710 Faustar the Eclecticist (level 13, -10/74 HPs)
             Began as a Deep Elf Conjurer on Feb 8, 2016.
             Was a High Priest of Vehumet.
             Engulfed by a cloud of freezing vapour (15 damage)
             ... in an ice cave.
             The game lasted 01:07:06 (13584 turns).

Faustar the Eclecticist (Deep Elf Conjurer)        Turns: 13584, Time: 01:07:06

Health: -10/74     AC: 13    Str:  8    XL:     13   Next: 32%
Magic:  16/36      EV: 21    Int: 26    God:    Vehumet [*****.]
Gold:   648        SH:  0    Dex: 20    Spells: 5 memorised, 34 levels left

rFire  . . .     SeeInvis +     j - +2 mace (protect)
rCold  . . .     Clarity  .     a - +0 robe
rNeg   . . .     SustAt   +     (no shield)
rPois  .         Gourm    .     Q - +1 hat {SInv}
rElec  .         Spirit   .     E - +1 cloak
rCorr  .         Warding  .     u - +2 pair of gloves {Str+3}
rMut   .         Stasis   .     (no boots)
MR     +....                    N - amulet of faith
Stlth  ++........               s - ring of sustain attributes
                                q - +5 ring of dexterity

@: somewhat resistant to hostile enchantments, unstealthy
A: no striking features
a: Renounce Religion


You were in an ice cave.
You worshipped Vehumet.
Vehumet was extremely pleased with you.
You were not hungry.

You visited 3 branches of the dungeon, and saw 14 of its levels.
You also visited: Ossuary and Ice Cave.

You collected 648 gold pieces.

Inventory:

Hand Weapons
 d - a +0 whip
 h - a +2 dagger of venom
 j - a +2 mace of protection (weapon)
Armour
 a - a +0 robe (worn)
 u - a +2 pair of gloves of strength (worn)
 E - a +1 cloak (worn)
 Q - a +1 hat of see invisible (worn)
Jewellery
 i - an uncursed amulet of clarity
 o - an uncursed ring of protection from fire
 q - a +5 ring of dexterity (left hand)
 s - a ring of sustain attributes (right hand)
 t - an uncursed ring of flight
 N - an amulet of faith (around neck)
 U - an uncursed ring of see invisible
Wands
 l - a wand of fireball (5)
 C - a wand of random effects (25)
 G - a wand of magic darts (31)
 K - a wand of paralysis (7)
 P - a wand of confusion (32)
 S - a wand of draining (3)
 V - a wand of hasting (3)
Scrolls
 g - 2 scrolls of magic mapping
 k - a scroll of recharging
 p - 8 scrolls of remove curse
 r - a scroll of fear
 y - 4 scrolls of identify
 D - 4 scrolls of teleportation
 H - 2 scrolls of blinking
 I - a scroll of vulnerability {unknown}
 J - 2 scrolls of fog {unknown}
 O - a scroll of amnesia
Potions
 e - 6 potions of flight
 f - 2 potions of haste
 v - 8 potions of curing
 w - a potion of agility
 z - 2 potions of brilliance
 A - 2 potions of lignification
 B - 2 potions of resistance
 F - 2 potions of mutation
 M - a potion of experience
 R - a potion of cure mutation
 T - a potion of berserk rage {unknown}
 W - a potion of cancellation {unknown}
Books
 b - a book of Conjurations

   Spells                             Type                      Level
   a - Magic Dart                     Conjuration                  1
   b - Searing Ray                    Conjuration                  2
   c - Dazzling Spray                 Conjuration/Hexes            3
   d - Fulminant Prism                Conjuration/Hexes            4
   e - Iskenderun's Mystic Blast      Conjuration                  4
   f - Iskenderun's Battlesphere      Conjuration/Charms           5
 n - a Young Poisoner's Handbook

   Spells                             Type                      Level
   a - Sting                          Conjuration/Poison           1
   b - Cure Poison                    Poison                       2
   c - Mephitic Cloud                 Conjuration/Poison/Air       3
   d - Olgreb's Toxic Radiance        Poison                       4
   e - Venom Bolt                     Conjuration/Poison           5
 Y - a book of Callings

   Spells                             Type                      Level
   a - Summon Small Mammal            Summoning                    1
   b - Call Imp                       Summoning                    2
   c - Call Canine Familiar           Summoning                    3
   d - Summon Guardian Golem          Hexes/Summoning              3
   e - Summon Lightning Spire         Summoning/Air                4
   f - Summon Ice Beast               Ice/Summoning                4
Comestibles
 c - 9 bread rations
 m - 6 meat rations
 x - 4 chunks of flesh
 L - 31 fruits


   Skills:
 - Level 6.0 Fighting
 + Level 10.2 Dodging
 - Level 2.4 Stealth
 - Level 17.9 Spellcasting
 - Level 11.0 Conjurations
 - Level 5.0 Hexes
 - Level 6.8 Charms
 - Level 5.0 Fire Magic


You had 34 spell levels left.
You knew the following spells:

 Your Spells              Type           Power        Failure   Level  Hunger
a - Magic Dart            Conj           ####         1%          1    None
b - Searing Ray           Conj           ######       1%          2    None
c - Fulminant Prism       Conj/Hex       ######....   1%          4    None
d - Iskenderun's Battles  Conj/Chrm      ######..     1%          5    None
e - Flame Tongue          Conj/Fire      #####        1%          1    None


Dungeon Overview and Level Annotations

Branches:
Dungeon (10/15)            Temple (1/1) D:7            Lair (3/8) D:9
  Snake (0/4) Lair:3
  Swamp: Lair:3-6    Shoals: Lair:3-6       Orc: D:9-12

Altars:
Ashenzari
Cheibriados
Dithmenos
Elyvilon
Fedhas
Gozag
Kikubaaqudgha
Makhleb
Nemelex Xobeh
Okawaru
Qazlal
Ru
Sif Muna
Trog
Vehumet
Xom
Yredelemnul
Zin
The Shining One

Shops:
D:9 [

Annotations:
D:5 exclusion: oklob plant


Message History

Your battlesphere is engulfed in freezing vapours. x2
The yak gores your fulminant prism! The yak gores your fulminant prism.
Your fulminant prism detonates feebly.
The yak moves out of view.
Your battlesphere is engulfed in freezing vapours.
You are engulfed in freezing vapours.
Your battlesphere is engulfed in freezing vapours. x2
You are engulfed in freezing vapours.
* * * LOW HITPOINT WARNING * * *
Your battlesphere is engulfed in freezing vapours. x3
You are engulfed in freezing vapours.
* * * LOW HITPOINT WARNING * * *
Your battlesphere is engulfed in freezing vapours. x2
Your battlesphere disappears in a puff of smoke!
Drink which item? (? for menu, Esc to quit)
It was a potion of experience.
You feel more experienced!
Your Dodging skill gained 7 levels and is now at level 10!
You have reached level 13!
You are engulfed in freezing vapours.
You die...

##..# ##Y.#
#Y.## #§##
##§# #§####
#§##§##
#§§#§§####
#§#§@§§..##
##§##§§...##
##§##§##..#
########.#
##.####.#
#....#..#
##......##
##..###...#
##..## ##.##


There were no monsters in sight!

Vanquished Creatures
  Erica (Lair:2)
  Urug (Lair:2)
  An unseen horror (D:10)
  2 hill giants (D:8)
  Pikel (D:9)
  An ugly thing (D:9)
  A black mamba (D:9)
  3 spiny frogs
  2 komodo dragons (Lair:1)
  The ghost of Antondotnet the Thaumaturge, a novice DEWz of Vehumet (D:5)
  3 polar bears (IceCv)
  2 fire drakes
  Prince Ribbit (D:6)
  Sigmund (D:5)
  A wyvern (D:9)
  12 yaks
  A hungry ghost (D:9)
  6 hippogriffs
  Grum (D:10)
  23 wolves
  2 basilisks
  4 water moccasins
  4 porcupines
  3 slaves (D:9)
  4 ogres
  2 orc warriors
  4 sky beasts (D:8)
  9 ice beasts
  8 crocodiles
  2 phantoms
  A big kobold (D:8)
  11 giant frogs
  A water moccasin zombie (D:5)
  3 scorpions
  A wyvern skeleton (D:9)
  A water moccasin skeleton (D:9)
  2 crimson imps (D:5)
  3 jellies
  3 giant frog zombies
  3 orc priests
  Crazy Yiuf (D:5)
  2 giant frog skeletons
  A hell rat (D:9)
  5 hounds
  9 orc wizards
  6 iguanas
  7 worker ants
  A hound skeleton (D:5)
  A hound zombie (D:5)
  7 gnolls
  3 mummies (Ossuary)
  A worker ant zombie (D:5)
  13 adders
  24 river rats
  3 adder skeletons (D:5)
  3 adder zombies (Ossuary)
  A worm (D:3)
  A giant gecko (D:4)
  36 orcs
  6 ball pythons
  4 giant cockroaches
  10 hobgoblins
  2 quokkas
  10 bats
  2 giant gecko skeletons
  A giant gecko zombie (D:5)
  5 giant newts
  12 goblins
  6 goblin zombies (Ossuary)
  2 hobgoblin zombies (Ossuary)
  2 jackals (D:9)
  A jackal skeleton (D:9)
  A jackal zombie (D:5)
  10 kobolds
  2 kobold zombies (Ossuary)
  A quokka skeleton (D:4)
  4 quokka zombies (Ossuary)
  9 rats
  A rat zombie (Ossuary)
  A fungus (Lair:2)
353 creatures vanquished.

Vanquished Creatures (others)
  A slave (D:9)
  68 fulminant prisms
  5 fungi
  2 plants (D:5)
76 creatures vanquished.

Grand Total: 429 creatures vanquished

Notes
Turn   | Place    | Note
--------------------------------------------------------------
     0 | D:1      | Faustar the Deep Elf Conjurer began the quest for the Orb.
     0 | D:1      | Reached XP level 1. HP: 10/10 MP: 6/6
   457 | D:1      | Reached XP level 2. HP: 15/15 MP: 8/8
  1194 | D:2      | Reached XP level 3. HP: 16/19 MP: 6/11
  1233 | D:2      | Reached skill level 5 in Spellcasting
  1683 | D:2      | Learned a level 2 spell: Searing Ray
  1695 | D:2      | Reached XP level 4. HP: 24/24 MP: 8/13
  1728 | D:2      | Reached skill level 6 in Spellcasting
  2551 | D:3      | Reached skill level 7 in Spellcasting
  2551 | D:3      | Reached XP level 5. HP: 16/28 MP: 7/16
  2847 | D:3      | Found an ancient bone altar of Kikubaaqudgha.
  2889 | D:3      | Reached skill level 8 in Spellcasting
  2915 | D:3      | Learned a level 4 spell: Fulminant Prism
  3113 | D:3      | Reached skill level 5 in Conjurations
  3113 | D:3      | Reached XP level 6. HP: 29/32 MP: 10/19
  3942 | D:4      | Reached XP level 7. HP: 36/36 MP: 11/20
  4165 | D:5      | Entered Level 5 of the Dungeon
  4285 | D:5      | Noticed Sigmund
  4289 | D:5      | Killed Sigmund
  4444 | D:4      | Learned a level 5 spell: Iskenderun's Battlesphere
  4449 | D:5      | Reached skill level 1 in Hexes
  4648 | D:5      | Noticed Crazy Yiuf
  4654 | D:5      | Killed Crazy Yiuf
  4703 | D:5      | Reached skill level 5 in Hexes
  4703 | D:5      | Reached XP level 8. HP: 41/41 MP: 18/22
  5165 | D:5      | Reached skill level 9 in Spellcasting
  5314 | D:5      | Found a blossoming altar of Fedhas.
  5327 | D:5      | Noticed an oklob plant
  5480 | D:5      | Noticed Antondotnet's ghost (novice DEWz)
  5491 | D:5      | Killed Antondotnet's ghost
  5491 | D:5      | Reached skill level 10 in Spellcasting
  5788 | D:6      | Reached skill level 11 in Spellcasting
  5909 | D:6      | Reached skill level 12 in Spellcasting
  5909 | D:6      | Reached XP level 9. HP: 45/45 MP: 14/27
  5931 | D:6      | Noticed Prince Ribbit
  5937 | D:6      | Killed Prince Ribbit
  6539 | D:7      | Found a staircase to the Ecumenical Temple.
  6592 | Temple   | Entered the Ecumenical Temple
  6915 | D:7      | Reached skill level 13 in Spellcasting
  6961 | D:7      | Found an opulent altar of Gozag.
  6964 | D:7      | Found a stormy altar of Qazlal.
  6965 | D:7      | Found a glowing golden altar of the Shining One.
  7008 | D:7      | Found a shimmering altar of Xom.
  7011 | D:7      | Found a shadowy altar of Dithmenos.
  7441 | D:8      | Found a sand-covered staircase.
  7457 | D:8      | Noticed a hill giant
  7467 | D:8      | Killed a hill giant
  7494 | D:8      | Found a radiant altar of Vehumet.
  7500 | D:8      | Became a worshipper of Vehumet
  7540 | Ossuary  | Entered an ossuary
  7894 | Ossuary  | Reached * piety under Vehumet
  7894 | Ossuary  | Offered knowledge of Flame Tongue by Vehumet.
  7897 | Ossuary  | Learned a level 1 spell: Flame Tongue
  8057 | D:8      | Reached skill level 1 in Charms
  8157 | D:8      | Noticed a hill giant
  8167 | D:8      | Killed a hill giant
  8428 | D:8      | Reached XP level 10. HP: 50/50 MP: 23/29
  8528 | D:8      | Reached skill level 10 in Conjurations
  9039 | D:9      | Reached ** piety under Vehumet
  9158 | D:9      | Offered knowledge of Freeze by Vehumet.
  9160 | D:9      | Found a staircase to the Lair.
  9169 | D:9      | Reached skill level 1 in Fighting
  9291 | D:9      | Noticed Pikel
  9301 | D:9      | Killed Pikel
  9595 | D:9      | Found Juotrom's Antique Armour Emporium.
  9602 | D:9      | Noticed a black mamba
  9608 | D:9      | Killed a black mamba
  9618 | Lair:1   | Entered Level 1 of the Lair of Beasts
  9748 | D:9      | Reached skill level 5 in Fighting
 10089 | D:9      | Noticed a brown ugly thing
 10094 | D:9      | Killed a brown ugly thing
 10126 | D:10     | Entered Level 10 of the Dungeon
 10269 | D:10     | Noticed Grum
 10278 | D:10     | Offered knowledge of Conjure Flame by Vehumet.
 10278 | D:10     | Killed Grum
 10278 | D:10     | Reached XP level 11. HP: 60/64 MP: 16/30
 10389 | D:10     | Found Seoha's Antique Weapon Shoppe.
 10446 | D:10     | Killed an unseen horror
 10446 | D:10     | Reached skill level 14 in Spellcasting
 11003 | Lair:1   | Reached *** piety under Vehumet
 11024 | Lair:1   | Reached skill level 15 in Spellcasting
 11384 | Lair:1   | Offered knowledge of Sticky Flame by Vehumet.
 11733 | Lair:1   | Reached skill level 16 in Spellcasting
 11750 | Lair:1   | Reached **** piety under Vehumet
 12112 | Lair:2   | Noticed Urug
 12112 | Lair:2   | Noticed Erica
 12280 | Lair:2   | Offered knowledge of Bolt of Draining by Vehumet.
 12336 | Lair:2   | Reached skill level 17 in Spellcasting
 12427 | Lair:2   | Killed Erica
 12427 | Lair:2   | Reached XP level 12. HP: 70/70 MP: 23/35
 12530 | Lair:2   | Killed Urug
 13161 | Lair:3   | Reached skill level 1 in Fire Magic
 13167 | Lair:3   | Found a frozen archway.
 13175 | Lair:3   | Reached ***** piety under Vehumet
 13192 | Lair:3   | Offered knowledge of Ozocubu's Refrigeration by Vehumet.
 13353 | IceCv    | Entered an ice cave
 13523 | IceCv    | Reached skill level 5 in Fire Magic
 13584 | IceCv    | Reached skill level 10 in Dodging
 13584 | IceCv    | Reached XP level 13. HP: 5/74 MP: 16/36
 13584 | IceCv    | Engulfed by a cloud of freezing vapour

Action                   |  1- 3 |  4- 6 |  7- 9 | 10-12 | 13-15 || total
-------------------------+-------+-------+-------+-------+-------++-------
Melee: Unarmed           |    13 |       |       |       |       ||    13
       Whip              |    20 |       |       |       |       ||    20
       Dagger            |    27 |    10 |       |       |       ||    37
       Mace              |       |    33 |     3 |     6 |       ||    42
 Cast: Magic Dart        |    36 |    76 |   173 |   101 |       ||   386
       Searing Ray       |       |    20 |    48 |    74 |       ||   142
       Fulminant Prism   |       |       |    12 |    57 |       ||    69
       Iskenderun's Batt |       |       |     2 |    37 |       ||    39
  Use: Scroll            |       |       |    18 |     2 |       ||    20
       Potion            |       |       |     8 |     2 |       ||    10
 Stab: Sleeping          |     4 |     2 |       |       |       ||     6
  Eat: Chunk             |     2 |     7 |    13 |    17 |       ||    39
       Beef jerky        |       |       |     1 |       |       ||     1
       Pizza             |       |       |       |     1 |       ||     1
